 Dungeon Crawl Stone Soup version 0.21.1-1-g345015fe64 (webtiles) character file.

504 Tilo the Skirmisher (level 7, -2/62 (63) HPs)
             Began as a Ghoul Monk on Feb 13, 2018.
             Slain by an ice beast (7 damage)
             ... on level 5 of the Dungeon.
             The game lasted 00:21:47 (4745 turns).

Tilo the Skirmisher (Ghoul Monk)                    Turns: 4745, Time: 00:21:49

HP:   -2/62 (63)    AC:  5    Str: 17    XL:     7   Next: 17%
MP:   15/15         EV: 13    Int:  5    God:
Gold: 146           SH:  0    Dex: 11    Spells: 6/6 levels left

rFire    . . .     SeeInvis .     - Unarmed
rCold    + . .     Gourm    .   (no shield)
rNeg     + + +     Faith    .   g - +1 leather armour
rPois    ∞         Spirit   .   t - +0 helmet
rElec    .         Reflect  .   (no cloak)
rCorr    .         Harm     .   (no gloves)
MR       .....                  (no boots)
Stlth    ++........             (no amulet)
HPRegen  0.00/turn              (no ring)
MPRegen  0.14/turn              k - ring of magical power

@: rotting
A: rotting body, claws 1, carnivore, cold resistance 1, negative energy
resistance 3, inhibited regeneration, torment resistance, unbreathing
a: no special abilities


You were on level 5 of the Dungeon.
You were not hungry.

You visited 1 branch of the dungeon, and saw 5 of its levels.

You collected 146 gold pieces.

Inventory:

Missiles
 h - 160 stones (quivered)
 o - 2 tomahawks
Armour
 g - a +1 leather armour (worn)
 t - a +0 helmet (worn)
Jewellery
 c - an uncursed ring of positive energy
 k - a ring of magical power (right claw)
Scrolls
 l - a scroll of immolation {unknown}
 n - a scroll of noise {unknown}
 q - a scroll of teleportation
 u - a scroll of fog {unknown}
 v - 2 scrolls of remove curse
 w - a scroll of identify
Potions
 a - a potion of agility {unknown}
 d - 3 potions of curing {unknown}
 e - 2 potions of haste
 i - 2 potions of mutation
 j - a potion of berserk rage {unknown}
 m - a potion of lignification {unknown}
 p - 2 potions of flight {unknown}
 r - 2 potions of magic {unknown}
 s - 2 potions of brilliance {unknown}
Comestibles
 b - 5 rations


   Skills:
 * Level 6.0 Fighting
 - Level 0.2 Armour
 + Level 3.9 Dodging
 + Level 4.4 Stealth
 + Level 4.8 Unarmed Combat


You had 6 spell levels left.
You didn't know any spells.

Dungeon Overview and Level Annotations

Branches:
Dungeon (5/15)
 Temple: D:4-7

Altars:
Okawaru
Qazlal
Wu Jian
Zin

Annotations:
D:3 Sigmund


Innate Abilities, Weirdness & Mutations

Your body is rotting away.
You thrive on raw meat.
You are immune to poison.
You have sharp fingernails.
You are carnivorous and can eat meat at any time.
Your flesh is cold resistant. (rC+)
You are immune to negative energy. (rN+++)
You do not regenerate when monsters are visible.
You are immune to unholy pain and torment.
You can survive without breathing.


Message History

The ice beast barely misses you.
You barely miss the ice beast.
The ice beast is almost dead.
The ice beast hits you but does no damage.
You scratch the ice beast but do no damage.
The ice beast is almost dead.
The ice beast closely misses you.
You scratch the ice beast but do no damage.
The ice beast is almost dead.
The ice beast hits you.
* * * LOW HITPOINT WARNING * * *
The ice beast freezes you. You resist.
* * * LOW HITPOINT WARNING * * *
You scratch the ice beast but do no damage.
Your claw misses the ice beast.
The ice beast is almost dead.
The ice beast hits you.
* * * LOW HITPOINT WARNING * * *
The ice beast freezes you! You resist.
You die...

#..... #.... # #########
# ####.......#### #.
##.............#### #.
#.................# #.
..................# #.
......Y@.........# ##.
.................# ###..
##...............###....
#................#..##.
##.................####
###...........#..## #
####.......##..#
####....##..# #######.##


You could see an ice beast.

Vanquished Creatures
  A sky beast (D:4)
  An orc wizard (D:2)
  2 orc priests (D:3)
  Ijyb (D:3)
  Jessica (D:2)
  2 iguanas (D:4)
  Terence (D:2)
  A worker ant (D:5)
  Robin (D:2)
  4 gnolls (D:5)
  2 adders (D:2)
  3 adder skeletons
  4 worms
  A leopard gecko (D:5)
  11 orcs
  2 ball pythons (D:2)
  10 hobgoblins
  A quokka (D:4)
  6 bats
  4 frilled lizards
  19 goblins
  7 kobolds
  A quokka skeleton (D:4)
  7 rats
93 creatures vanquished.

Notes
Turn   | Place    | Note
-------+----------+-------------------------------------------
     0 | D:1      | Tilo the Ghoul Monk began the quest for the Orb.
     0 | D:1      | Reached XP level 1. HP: 19/19 MP: 0/0
   269 | D:1      | Reached XP level 2. HP: 23/26 MP: 1/1
  1035 | D:2      | Reached XP level 3. HP: 33/33 MP: 2/2
  1164 | D:2      | Noticed Terence
  1172 | D:2      | Killed Terence
  1172 | D:2      | Reached skill level 4 in Fighting
  1209 | D:2      | Reached XP level 4. HP: 34/40 MP: 3/3
  1458 | D:2      | Found a glowing silver altar of Zin.
  1600 | D:2      | Found a stormy altar of Qazlal.
  1954 | D:3      | Reached XP level 5. HP: 23/47 MP: 4/4
  2017 | D:3      | Noticed Sigmund
  2050 | D:3      | HP: 2/47 [something/magic dart (5)]
  2377 | D:3      | Noticed Ijyb
  2388 | D:3      | Killed Ijyb
  2498 | D:3      | Found an ornate altar of the Wu Jian Council.
  2560 | D:3      | Noticed Robin
  2562 | D:3      | Noticed Jessica
  2744 | D:2      | Killed Jessica
  2744 | D:2      | Reached skill level 5 in Fighting
  2756 | D:2      | Killed Robin
  2756 | D:2      | Reached XP level 6. HP: 44/56 MP: 5/5
  3169 | D:4      | Found an iron altar of Okawaru.
  4076 | D:5      | Entered Level 5 of the Dungeon
  4076 | D:5      | Noticed a sky beast
  4099 | D:4      | Killed a sky beast
  4099 | D:4      | Reached XP level 7. HP: 19/62 MP: 6/6
  4419 | D:5      | Reached skill level 6 in Fighting
  4745 | D:5      | Slain by an ice beast

Skill      XL: |  1  2  3  4  5  6  7 |
---------------+----------------------+-----
Fighting       | 4 5 6 |  6.0
Dodging        | 3 |  3.9
Stealth        | 3 4 |  4.4
Unarmed Combat | 4 |  4.8
Armour         | |  0.2

Action                   |  1- 3 |  4- 6 |  7- 9 || total
-------------------------+-------+-------+-------++-------
Melee: Unarmed           |    94 |   252 |    60 ||   406
       Punch             |     5 |       |     2 ||     7
Throw: Stone             |       |    16 |       ||    16
  Use: Scroll            |     2 |     5 |     1 ||     8
       Potion            |       |     1 |       ||     1
 Stab: Sleeping          |     4 |     3 |       ||     7
  Eat: Chunk             |    11 |    23 |     5 ||    39
       Ration            |       |     1 |       ||     1
Armor: Leather armour    |    16 |    60 |    11 ||    87
Dodge: Dodged            |    57 |   155 |    25 ||   237
